 Dungeon Crawl Stone Soup version 0.17-a0-1181-gabc46e6 (webtiles) character file.

2200 wotan the Grappler (level 9, 0/69 (70) HPs)
             Began as a Ghoul Monk on May 31, 2015.
             Was a Priest of Yredelemnul.
             Slain by a killer bee (2 damage)
             ... on level 8 of the Dungeon.
             The game lasted 00:29:47 (6412 turns).

wotan the Grappler (Ghoul Monk)                     Turns: 6412, Time: 00:29:49

HP:   0/69 (70)     AC: 14    Str: 15    XL:     9   Next: 34%
MP:   11/11         EV:  5    Int:  5    God:    Yredelemnul [***...]
Gold: 223           SH:  0    Dex: 14    Spells: 0 memorised, 8 levels left

rFire  . . .     SeeInvis .       - Unarmed
rCold  + . .     Clarity  .     k - +0 plate armour {MR+}
rNeg   + + +     SustAt   .     (no shield)
rPois  ∞         Gourm    .     y - +0 hat
rElec  .         Spirit   .     u - +0 cloak
rCorr  .         Warding  .     (no gloves)
rMut   .         Stasis   .     (no boots)
MR     +....                    (no amulet)
Stlth  ..........               (no ring)
                                t - ring of stealth

@: rotting, somewhat resistant to hostile enchantments, extremely unstealthy
A: rotting body, claws 1, carnivore 3, cold resistance 1, negative energy
resistance 3, slow healing 1, torment resistance, unbreathing
a: Animate Dead, Recall Undead Slaves, Injury Mirror, Renounce Religion


You were on level 8 of the Dungeon.
You worshipped Yredelemnul.
Yredelemnul was most pleased with you.
You were not hungry.

You visited 1 branch of the dungeon, and saw 8 of its levels.

You collected 223 gold pieces.

Inventory:

Missiles
 g - 270 stones
 m - 8 tomahawks (quivered)
Armour
 h - a +1 leather armour
 j - a +0 ring mail of fire resistance
 k - a +0 plate armour of magic resistance (worn)
 u - a +0 cloak (worn)
 y - a +0 hat (worn)
Jewellery
 t - a ring of stealth (left claw)
Magical devices
 p - a wand of confusion (29)
 s - a wand of cold (7)
 v - a wand of cold (8)
Scrolls
 c - a scroll of enchant armour
 o - a scroll of identify
 q - 2 scrolls of remove curse
 x - a scroll of teleportation
Potions
 a - 4 potions of cancellation
 d - a potion of flight {unknown}
 e - a potion of curing
 f - a potion of mutation {unknown}
 i - a potion of magic {unknown}
 l - a potion of degeneration {unknown}
 n - 4 potions of brilliance
Comestibles
 b - 4 meat rations
 r - a beef jerky


   Skills:
 - Level 3.2 Fighting
 + Level 6.7 Armour
 - Level 2.6 Dodging
 - Level 2.2 Stealth
 - Level 10.0 Unarmed Combat
 - Level 5.0 Invocations


You had 8 spell levels left.
You didn't know any spells.

Dungeon Overview and Level Annotations

Branches:
Dungeon (8/15)             Temple (0/1) D:4
   Lair: D:8-11

Altars:
Fedhas
Makhleb
Okawaru
Ru
Yredelemnul


Innate Abilities, Weirdness & Mutations

Your body is rotting away.
You thrive on raw meat.
You are immune to poison.
You have sharp fingernails.
You are carnivorous and can eat meat at any time.
Your flesh is cold resistant.
You are immune to negative energy.
You heal slowly when monsters are visible.
You are immune to unholy pain and torment.
You can survive without breathing.


Message History

The steam dragon barely misses you. The killer bee stings you.
* * * LOW HITPOINT WARNING * * *
The killer bee stings you.
* * * LOW HITPOINT WARNING * * *
The killer bee stings you.
* * * LOW HITPOINT WARNING * * *
The steam dragon bites you.
* * * LOW HITPOINT WARNING * * *
The steam dragon claws you but does no damage.
There is a stone staircase leading up here.
You closely miss the steam dragon.
The steam dragon is almost dead.
You feel your flesh rotting away. The killer bee stings you!
* * * LOW HITPOINT WARNING * * *
The killer bee stings you but does no damage.
The killer bee barely misses you. The killer bee stings you.
You die...
Yredelemnul claims you as an undead slave.

##+##
##.D@##
##..yy.##
##.$.....##
#.........#
+.........+
#.<.......#
##.......##
##.....##
##...##


You could see a steam dragon and 2 killer bees.

Vanquished Creatures
  Grinder (D:5)
  Prince Ribbit (D:6)
  Menkaure (D:4)
  Edmund (D:4)
  A black bear (D:6)
  An orc warrior (D:4)
  A necrophage (D:6)
  3 ogres
  A centaur (D:5)
  The ghost of 4thArraOfDagon the Skirmisher, a weakling FoAK of Lugonu (D:3)
  A centaur zombie (D:5)
  11 orc wizards
  A jelly (D:5)
  A centaur skeleton (D:6)
  3 orc priests
  3 hounds
  An iguana (D:4)
  3 worker ants
  4 gnolls (D:2)
  14 adders
  An ooze (D:1)
  A worm (D:3)
  An adder skeleton (D:6)
  2 giant geckos (D:1)
  22 orcs
  2 ball pythons
  A bat zombie (D:6)
  2 giant cockroaches
  7 goblins
  9 hobgoblins
  13 jackals
  8 kobolds
  3 quokkas
  8 bats
  8 giant newts
  A jackal skeleton (D:4)
  A quokka zombie (D:5)
  11 rats
  A spectral orc (D:3)
156 creatures vanquished.

Vanquished Creatures (collateral kills)
  An orc wizard (D:6)
  An orc (D:6)
  A jackal (D:6)
  2 kobolds
  2 rats
7 creatures vanquished.

Vanquished Creatures (others)
  A worker ant zombie (D:5)
  2 adder zombies (D:6)
  A goblin zombie (D:7)
  2 jackal zombies (D:5)
  An orc zombie (D:4)
  2 rat zombies
  A bush (D:4)
10 creatures vanquished.

Grand Total: 173 creatures vanquished

Notes
Turn   | Place    | Note
--------------------------------------------------------------
     0 | D:1      | wotan the Ghoul Monk began the quest for the Orb.
     0 | D:1      | Reached XP level 1. HP: 19/19 MP: 0/0
   136 | D:1      | Reached XP level 2. HP: 21/26 MP: 1/1
   255 | D:1      | Reached skill level 5 in Unarmed Combat
   829 | D:2      | Reached XP level 3. HP: 27/31 MP: 2/2
   845 | D:2      | Reached skill level 6 in Unarmed Combat
   845 | D:2      | Reached XP level 4. HP: 22/38 MP: 3/3
  1147 | D:2      | Found a sacrificial altar of Ru.
  1465 | D:2      | Reached XP level 5. HP: 45/45 MP: 4/4
  1796 | D:3      | Found an iron altar of Okawaru.
  1815 | D:3      | Reached skill level 7 in Unarmed Combat
  2151 | D:3      | Found a basalt altar of Yredelemnul.
  2308 | D:3      | Reached XP level 6. HP: 51/51 MP: 5/5
  2388 | D:3      | Noticed 4thArraOfDagon's ghost (weakling FoAK)
  2405 | D:3      | Killed 4thArraOfDagon's ghost
  2405 | D:3      | Reached skill level 8 in Unarmed Combat
  2964 | D:3      | Became a worshipper of Yredelemnul the Dark
  2964 | D:3      | Acquired Yredelemnul's first power
  2964 | D:3      | Acquired Yredelemnul's second power
  3120 | D:4      | Reached skill level 9 in Unarmed Combat
  3120 | D:4      | Reached XP level 7. HP: 15/57 MP: 6/6
  3156 | D:4      | Found a burning altar of Makhleb.
  3182 | D:4      | Noticed Edmund
  3192 | D:4      | Killed Edmund
  3212 | D:4      | Found a blossoming altar of Fedhas.
  3352 | D:4      | Noticed Menkaure
  3358 | D:4      | Killed Menkaure
  3358 | D:4      | Reached skill level 10 in Unarmed Combat
  3397 | D:4      | Reached skill level 1 in Invocations
  3493 | D:5      | Entered Level 5 of the Dungeon
  3741 | D:4      | Reached XP level 8. HP: 48/62 MP: 6/9
  4129 | D:4      | Found a staircase to the Ecumenical Temple.
  4295 | D:5      | Reached skill level 5 in Invocations
  4318 | D:5      | Reached skill level 1 in Armour
  4345 | D:5      | Noticed Grinder
  4389 | D:5      | Killed Grinder
  4765 | D:5      | Acquired Yredelemnul's third power
  4871 | D:5      | Reached XP level 9. HP: 61/70 MP: 11/11
  5152 | D:6      | Noticed Prince Ribbit
  5245 | D:6      | Reached skill level 5 in Armour
  5413 | D:6      | Killed Prince Ribbit
  6412 | D:8      | HP: 2/69 [killer bee (7)]
  6412 | D:8      | Slain by a killer bee

Vault maps used:
D:1:      eino_arrival_cavern_b
D:2:      nicolae_ru_great_annihilating_truth
D:3:      yredelemnul_forgotten_temple_becter, first_bread,
          minmay_misc_feat_rows, minmay_fountain_box, okawaru_trees_1
D:4:      old_standard_altar, temple_doors_c, fedhas_bush_and_centaur_altar,
          uniq_menkaure, uniq_edmund
D:5:      uniq_grinder
D:6:      uniq_prince_ribbit1
D:7:      serial_glass, glass_columns_a, glass_columns_b, glass_columns_b,
          glass_columns_b, glass_columns_b, minmay_strange_pillars,
          item_on_display_a, basic_altar
D:8:      vehumet_crystals, uniq_erolcha

Action                   |  1- 3 |  4- 6 |  7- 9 || total
-------------------------+-------+-------+-------++-------
Melee: Unarmed           |    58 |   171 |   315 ||   544
Throw: Stone             |       |     3 |       ||     3
Invok: Animate Remains   |       |       |     5 ||     5
       Animate Dead      |       |       |    13 ||    13
       Recall Undead Sla |       |       |     1 ||     1
  Use: Scroll            |       |     8 |     8 ||    16
       Potion            |       |       |     2 ||     2
 Stab: Sleeping          |     2 |     4 |       ||     6
       Paralysed         |       |     1 |       ||     1
       Distracted        |       |       |     1 ||     1
  Eat: Chunk             |       |    10 |    18 ||    28
